 Dungeon Crawl Stone Soup version 0.28.0-53-g5a82cb258f (webtiles) character file.

Game seed: 1673703854715968772

133 Peloso the Shield-Bearer (level 4, -4/40 HPs)
             Began as a Minotaur Fighter on June 29, 2022.
             Killed by nerve-wracking pain
             ... invoked by Jessica
              (14 damage)
             ... on level 3 of the Dungeon.
             The game lasted 00:03:52 (2170 turns).

Peloso the Shield-Bearer (Minotaur Fighter)         Turns: 2170, Time: 00:03:52

Health: -4/40      AC:  0    Str: 21    XL:     4   Next: 94%
Magic:  3/3        EV: 18    Int:  5    God:
Gold:   153        SH:  0    Dex: 16    Spells: 3/3 levels left

rFire   . . .      SeeInvis .   (weapon currently unavailable)
rCold   . . .      Faith    .   (shield currently unavailable)
rNeg    . . .      Spirit   .   (armour currently unavailable)
rPois   .          Reflect  .   (helmet currently unavailable)
rElec   .          Harm     .   (cloak currently unavailable)
rCorr   .          Rampage  .   (gloves currently unavailable)
Will    .....                   (boots currently unavailable)
Stlth   +.........              (no amulet)
HPRegen 0.13/turn               (ring currently unavailable)
MPRegen 0.08/turn               (ring currently unavailable)

@: bat-form, flying, very quick
A: fast, flying, no casting, tiny, (horns 2), (retaliatory headbutt)
a: no special abilities


You were on level 3 of the Dungeon.
You were a bat.
You visited 1 branch of the dungeon, and saw 3 of its levels.

You collected 153 gold pieces.

Inventory:

Hand Weapons
 a - a +0 long sword (melded)
Armour
 b - a +0 scale mail (melded)
 c - a +0 buckler (melded)
 m - a +0 pair of boots (melded)
 q - a +1 pair of gloves (melded)
Jewellery
 r - a ring of fire
Wands
 n - a wand of polymorph (6)
Scrolls
 e - a scroll of blinking {unknown}
 h - a scroll of magic mapping {unknown}
 j - 2 scrolls of immolation {unknown}
 k - a scroll of torment {unknown}
 o - a scroll of amnesia
 p - a scroll of noise {unknown}
 s - a scroll of identify
 t - a scroll of enchant weapon {unknown}
 u - a scroll of fear {unknown}
Potions
 d - a potion of might
 f - a potion of resistance
 g - 2 potions of degeneration {unknown}
 i - 2 potions of curing {unknown}
 l - a potion of heal wounds {unknown}
 v - a potion of berserk rage {unknown}


   Skills:
 + Level 4.2 Fighting
 + Level 4.3 Long Blades
 + Level 4.4 Armour
 + Level 0.6 Dodging
 + Level 4.4 Shields


You had 3 spell levels left.
You didn't know any spells.
Your spell library contained the following spells:

 Spells                   Type           Power      Damage    Failure   Level
 Portal Projectile        Hex/Tloc       0%         N/A       85%         3
 Tukima's Dance           Hex            0%         N/A       85%         3
 Passage of Golubria      Tloc           0%         N/A       99%         4
 Blade Hands              Tmut           0%         N/A       100%        5
 Excruciating Wounds      Necr           0%         N/A       100%        5
 Yara's Violent Unravell  Hex/Tmut       0%         3d3       100%        5
 Chain Lightning          Conj/Air       0%         N/A       100%        9
 Fire Storm               Conj/Fire      0%         5d1       100%        9
 Shatter                  Erth           0%         3d5*      100%        9


Dungeon Overview and Level Annotations

Branches:
Dungeon (3/15)

Altars:
Nemelex Xobeh

Annotations:
D:3 Jessica


Innate Abilities, Weirdness & Mutations

You are a bat.
You are tiny and dextrous.
You move quickly.
You are flying.
Your equipment is almost entirely melded.
You are incapable of wielding weapons or throwing items.
You cannot cast spells.
((You have a pair of horns on your head.))
((You reflexively headbutt those who attack you in melee.))


Message History

Pain shoots through your body! Jessica hits you but does no damage.
You barely miss Jessica. You headbutt Jessica.
Jessica is moderately wounded.
Jessica shouts, "You are a ghastly nuisance!"
Jessica closely misses you.
You hit Jessica but do no damage. Your headbutt misses Jessica.
Jessica is moderately wounded.
Jessica barely misses you.
You hit Jessica.
Jessica is severely wounded.
Jessica casts a spell.
Jessica seems to speed up.
Jessica casts a spell.
Jessica blinks!
Jessica zaps a wand.
You turn into a bat.
Your +0 long sword melds into your body.
Your +1 pair of gloves melds into your body.
Your +0 pair of boots melds into your body.
Your +0 buckler melds into your body.
Your +0 scale mail melds into your body.
Unknown command.
You hit Jessica but do no damage.
Jessica is heavily wounded.
Jessica closely misses you. Jessica misses you. Jessica casts a spell at you.
Pain shoots through your body!
Jessica mumbles some strange words.
Jessica blinks!
Jessica closely misses you.
You hit Jessica.
Jessica is heavily wounded.
Jessica gestures at you while chanting. Pain shoots through your body!
Jessica hits you with a +0 club.
* * * LOW HITPOINT WARNING * * *
Jessica points at you and mumbles some strange words.
Pain shoots through your body!
You die...

##..##...........# ####..
##.............## #.....
###############......## ##.###.
.........# ###...## #..##..
.........# ##..## #.##...
.........# ### #...####.##...
###..#..######.# #....##..##...
##.........<.# #.......###...
########..#b# #...##........
#..#.###...#...###...
###..@.......#.#####...
######............#.##......
#......####.........##.##...
##......# #.........###.##...
##.......###.............##...
####..########.........#..#####..
#....## #.#..........#####..


You could see Jessica (fast).

Vanquished Creatures
  4 gnolls (D:3)
  4 adders
  2 worms
  A dart slug (D:1)
  An orc (D:3)
  2 bats
  5 endoplasms
  A giant cockroach (D:3)
  9 goblins
  4 hobgoblins
  4 jackals (D:1)
  7 ball pythons
  4 frilled lizards (D:2)
  3 kobolds (D:2)
  3 rats
54 creatures vanquished.

Notes
Turn   | Place    | Note
-------+----------+-------------------------------------------
     0 | D:1      | Peloso the Minotaur Fighter began the quest for the Orb.
     0 | D:1      | Reached XP level 1. HP: 19/19 MP: 0/0
   188 | D:1      | Reached XP level 2. HP: 26/27 MP: 1/1
   448 | D:1      | Found a faded altar of an unknown god.
   837 | D:2      | Reached XP level 3. HP: 33/33 MP: 2/2
  1048 | D:2      | Reached XP level 4. HP: 40/40 MP: 3/3
  1606 | D:3      | Found a sparkling altar of Nemelex Xobeh.
  2148 | D:3      | Noticed Jessica
  2170 | D:3      | Killed from afar by Jessica

Illustrated notes

Levels and vault maps discovered:
D:1:      giann_horns, layout_basic, dilly_ecumenical_altar_fadedgnrine,
          minivault_25, minmay_tromino_v7
D:2:      layout_basic
D:3:      layout_rooms, mainiacjoe_overflow_small_starburst, chequers_jeans,
          chequers_serial_rivers_room_a, uniq_jessica

Skill      XL: |  1  2  3  4 |
---------------+-------------+-----
Fighting       | 4 |  4.2
Armour         | 4 |  4.4
Shields        | 4 |  4.4
Long Blades    | 3 4 |  4.3
Dodging        | |  0.6

Action                   |  1- 3 |  4- 6 || total
-------------------------+-------+-------++-------
Melee: Long sword        |    71 |    45 ||   116
       Headbutt          |     8 |     5 ||    13
       Unarmed           |       |     2 ||     2
  Use: Scroll            |     4 |       ||     4
Armor: Scale mail        |    32 |    23 ||    55
Dodge: Dodged            |    29 |    22 ||    51
Block: Buckler           |    15 |     9 ||    24
